 Dungeon Crawl Stone Soup version 0.31-a0-408-gb642c7f9a3 (webtiles) character file.

Game seed: 6716117173054977876

2933 backslashecho the Ruffian (level 9, 0/61 HPs)
             Began as an Octopode Shapeshifter on July 29, 2023.
             Was a Believer of Uskayaw.
             Slain by an orc
             ... wielding a +0 dagger
              (4 damage)
             ... on level 8 of the Dungeon.
             The game lasted 00:16:08 (5807 turns).

backslashecho the Ruffian (Octopode Shapeshifter)   Turns: 5807, Time: 00:16:09

Health: 0/61       AC:  1    Str: 18    XL:     9   Next: 80%
Magic:  13/13      EV: 15    Int: 10    God:    Uskayaw [**....]
Gold:   370        SH:  0    Dex: 13    Spells: 8/8 levels left

rFire   . .          .
                       - Unarmed
rCold   . . .        (no shield)
rNeg    + . .        (helmet currently unavailable)
rPois   +            w - amulet of regeneration
rElec   .            m - ring of positive energy
rCorr   .            i - ring of poison resistance
SInv    .            (no ring)
Will    .....        (no ring)
Stlth   ++++         (no ring)
HPRegen 1.10/turn    (no ring)
MPRegen 0.13/turn    (no ring)
                     (no ring)

%: no passive effects
@: beast-form
A: beast (slay +4), almost no armour, amphibious, 8 rings, camouflage 1,
gelatinous body 1, (nimble swimmer 1), tentacles
a: Begin Untransformation, Renounce Religion, Stomp, Line Pass


You were on level 8 of the Dungeon.
You worshipped Uskayaw.
Uskayaw was noncommittal.
You were a hulking beast.
You visited 1 branch of the dungeon, and saw 8 of its levels.

You collected 370 gold pieces.

Inventory:

Missiles
 o - a throwing net
 q - 21 poisoned darts
 x - 6 curare-tipped darts
Jewellery
 i - a ring of poison resistance (right tentacle)
 m - a ring of positive energy (left tentacle)
 n - a ring of fire
 w - an amulet of regeneration (around mantle)
Talismans
 b - a beast talisman
Wands
 v - a wand of polymorph (13)
 y - a wand of charming (8)
 C - a wand of acid (9)
 D - a wand of flame (11)
Scrolls
 f - a scroll of immolation
 g - a scroll of enchant armour
 j - 3 scrolls of teleportation
 r - a scroll of fear
 u - a scroll of enchant weapon
Potions
 a - a potion of brilliance {unknown}
 c - a potion of enlightenment {unknown}
 e - 2 potions of degeneration {unknown}
 h - 2 potions of resistance
 k - 2 potions of curing
 p - a potion of mutation {unknown}
 A - a potion of cancellation {unknown}
 B - 3 potions of haste {unknown}


   Skills:
 - Level 5.3 Fighting
 - Level 5.5 Dodging
 + Level 4.4 Stealth
 + Level 6.9 Unarmed Combat
 + Level 5.8 Invocations
 + Level 6.0 Shapeshifting


You had 8 spell levels left.
You didn't know any spells.
Your spell library contained the following spells:

 Spells                   Type           Power      Damage    Failure   Level
 Cause Fear               Hex            0%         N/A       98%         4
 Fireball                 Conj/Fire      0%         3d3       100%        5
 Dragon's Call            Summ           0%         N/A       100%        9


Dungeon Overview and Level Annotations

Branches:
Dungeon (8/15)             Temple (0/1) D:5
   Lair: D:8-11

Altars:
Kikubaaqudgha
Uskayaw
Xom
Yredelemnul

Shops:
D:6 [

Annotations:
D:5 2 transporters
D:6 exclusion: shadow


Innate Abilities, Weirdness & Mutations

You are a hulking beast.
Your limbs bulge with bestial killing power. (Slay +4)
You cannot wear most types of armour.
You are amphibious.
You can wear up to eight rings at the same time.
Your skin changes colour to match your surroundings (Stealth+).
Your rubbery body absorbs attacks. (AC +1, EV +1)
((You are camouflaged when in or above water. (Stealth+)))
You have tentacles for arms and can constrict up to eight enemies at once.


Message History

The orc priest is lightly wounded.
You constrict the orc wizard.
You constrict the orc priest, but do no damage.
The orc priest closely misses you.
The orc wizard hits you with a +0 dagger.
You tentacle-slap the orc priest but do no damage.
You squeeze the orc priest!
The orc priest is almost dead.
You constrict the orc wizard.
You kill the orc wizard!
You constrict the orc priest.
You kill the orc priest!
You can now pass through a line of other dancers.
Your Shapeshifting skill increases to level 6!
Unknown command.
HP restored.
Things that are here:
a +0 dagger; a +0 robe 3 yaks come into view.
Health restored: 61 The yak bellows! x3; You hear a shout! x2; You hear a bellow! x2
You hear a shout!
Unknown command.
The orc hits you with a +0 trident. The yak gores you!
You take 10 damage, and have 51/61 hp.
You barely miss the yak. The orc completely misses you. The yak gores you!
You hear a bellow!
You take 16 damage, and have 35/61 hp.
MASSIVE DAMAGE!!
You bludgeon the yak! You squeeze the yak!
The yak is heavily wounded.
You tentacle-slap the yak but do no damage.
The yak is heavily wounded.
The orc hits you with a +0 trident. The yak gores you but does no damage.
You bludgeon the yak!
The yak is almost dead.
The orc barely misses you. The yak gores you!
You can now pass through a line of other dancers.
You take 10 damage, and have 26/61 hp.
You barely miss the yak.
The yak is almost dead.
The orc barely misses you.
A yak comes into view.
The orc closely misses you. The yak gores you.
You take 4 damage, and have 22/61 hp.
The orc attacks as you move away! The orc hits you with a +0 dagger.
The orc barely misses you. The yak attacks as you move away!
The yak gores you!!
* * * LOW HITPOINT WARNING * * *
The orc attacks as you move away! The orc hits you with a +0 dagger.
You die...

.# . #. .# .# ##.
.. #.### ##.. ##
.....
###..o####......
.........#......
#........o.'......
+........oY#......
#........h.# .....
#..........# .Y..
#..........# ...
#..........# ..
#..>.......# #
#..........#
#..........#
#..........#
#..........#######


You could see a yak, an orc priest (wandering) and 2 orcs.

Vanquished Creatures
  Grinder (D:4)
  A steam dragon (D:7)
  4 vampire mosquitoes (D:7)
  Menkaure (D:6)
  Edmund (D:4)
  A water moccasin (D:5)
  A sky beast (D:5)
  An ice beast (D:7)
  An orc warrior (D:6)
  2 ogres
  A centaur (D:7)
  A phantom (D:4)
  A kobold brigand (D:7)
  2 bullfrogs (D:7)
  A gnoll sergeant (D:6)
  A scorpion (D:6)
  4 howler monkeys (D:7)
  2 hounds (D:5)
  An orc priest (D:8)
  A gnoll bouda (D:7)
  A jelly (D:4)
  A sleepcap (D:5)
  3 iguanas
  5 orc wizards
  13 gnolls
  6 adders
  A white imp (D:7)
  An ufetubus (D:5)
  4 worms
  5 dart slugs
  11 orcs
  5 bats
  2 endoplasms
  3 giant cockroaches
  8 goblins
  2 hobgoblins
  4 jackals (D:2)
  4 quokkas
  5 ball pythons
  A frilled lizard (D:1)
  14 kobolds
  7 rats
135 creatures vanquished.

Vanquished Creatures (others)
  An ogre (D:6)
  An orc wizard (D:6)
2 creatures vanquished.

Grand Total: 137 creatures vanquished

Notes
Turn   | Place    | Note
-------+----------+-------------------------------------------
     0 | D:1      | backslashecho the Octopode Shapeshifter began the quest for
                  | the Orb.
     0 | D:1      | Reached XP level 1. HP: 13/13 MP: 1/1
   640 | D:1      | Found a faded altar of an unknown god.
   963 | D:2      | Reached XP level 2. HP: 18/18 MP: 2/2
  1224 | D:2      | Reached XP level 3. HP: 12/23 MP: 3/3
  1988 | D:3      | Reached XP level 4. HP: 22/29 MP: 4/4
  2378 | D:4      | Found a shimmering altar of Xom.
  2414 | D:4      | Noticed a phantom
  2452 | D:4      | Reached XP level 5. HP: 35/35 MP: 5/5
  2455 | D:4      | Noticed Edmund
  2474 | D:4      | Killed Edmund
  2475 | D:4      | Reached XP level 6. HP: 9/42 MP: 6/6
  2727 | D:4      | Found a basalt altar of Yredelemnul.
  2733 | D:4      | Found an ancient bone altar of Kikubaaqudgha.
  2735 | D:4      | Found a hide-covered altar of Uskayaw.
  2742 | D:4      | Became a worshipper of Uskayaw the Reveller
  2884 | D:4      | Noticed Grinder
  2886 | D:4      | Reached * piety under Uskayaw
  2887 | D:4      | Reached ** piety under Uskayaw
  2893 | D:4      | Reached *** piety under Uskayaw
  2895 | D:4      | Reached skill level 1 in Invocations
  2898 | D:4      | Reached **** piety under Uskayaw
  2902 | D:4      | Reached ***** piety under Uskayaw
  2908 | D:4      | Killed Grinder
  2909 | D:4      | Reached XP level 7. HP: 32/46 MP: 6/8
  3209 | D:5      | Entered Level 5 of the Dungeon
  3283 | D:5      | Found a transporter.
  3659 | D:5      | Reached skill level 5 in Unarmed Combat
  3672 | D:5      | Found a transporter.
  3702 | D:5      | Reached XP level 8. HP: 41/54 MP: 10/10
  3877 | D:5      | Found a staircase to the Ecumenical Temple.
  4212 | D:6      | Found Hiluhew's Antique Armour Shoppe.
  4321 | D:6      | Reached skill level 5 in Dodging
  4346 | D:6      | Noticed Menkaure
  4353 | D:6      | Killed Menkaure
  4354 | D:6      | Reached skill level 5 in Shapeshifting
  4394 | D:6      | Upgraded the game from 0.31-a0-369-g8eba5f6939 to
                  | 0.31-a0-408-gb642c7f9a3
  4421 | D:6      | Noticed a shadow
  4507 | D:6      | Reached skill level 5 in Fighting
  4540 | D:6      | Reached XP level 9. HP: 39/61 MP: 12/12
  4966 | D:7      | Reached skill level 1 in Stealth
  4975 | D:7      | Reached skill level 5 in Invocations
  5807 | D:8      | Slain by an orc

Illustrated notes

Levels and vault maps discovered:
D:1:      scummos_arrival_simple_fountains, layout_basic,
          basic_ecumenical_altar, nrook_mini_backslash, minmay_misc_feat_cross,
          nicolae_figureground_sparkle
D:2:      layout_basic, nrook_campfire
D:3:      layout_rooms, minmay_vboxes
D:4:      layout_rooms, nicolae_overflow_macrodata_refinement, uniq_edmund,
          uniq_grinder
D:5:      gammafunk_cloud_chamber, layout_loops_cross, temple_hall
D:6:      layout_basic, serial_shops, nicolae_take_the_stairs, uniq_menkaure
D:7:      layout_loops_ring, minivault_5
D:8:      layout_basic, due_lair_maze_entry_diamond, serial_curves,
          eino_curves_02, eino_curves_03

Skill      XL: |  1  2  3  4  5  6  7  8  9 |
---------------+----------------------------+-----
Fighting       | 2 3 4 5 |  5.3
Dodging        | 3 4 5 |  5.5
Unarmed Combat | 4 5 6 |  6.9
Invocations    | 1 2 4 5 |  5.8
Shapeshifting  | 4 5 6 |  6.0
Stealth        | 4 |  4.4

Action                     |  1- 3 |  4- 6 |  7- 9 || total
---------------------------+-------+-------+-------++-------
  Melee: Unarmed           |    74 |    75 |   168 ||   317
         Constrict         |    16 |    18 |    42 ||    76
         Tentacles         |    11 |    16 |    39 ||    66
         Punch             |       |     3 |    11 ||    14
  Throw: Throwing net      |       |     2 |       ||     2
  Evoke: Wand              |       |       |     5 ||     5
    Use: Potion            |       |     2 |     2 ||     4
         Scroll            |       |       |    12 ||    12
   Stab: Sleeping          |     9 |     3 |     8 ||    20
         Paralysed         |       |     1 |    14 ||    15
         Held in net/web   |       |     1 |       ||     1
         Distracted        |       |       |     1 ||     1
 Armour: Skin              |     5 |     9 |    12 ||    26
  Dodge: Dodged            |    45 |    30 |    98 ||   173

Table legend: (Time is in decaauts)
 A = Elapsed time spent in this place.
 B = Non-inter-level travel time spent in this place.
 C = Inter-level travel time spent in this place.
 D = Time resting spent in this place.
 E = Time spent auto-exploring this place.
 F = Levels seen in this place.
 G = Mean time per level.
                   A        B        C        D        E       F      G
               +--------+--------+--------+--------+--------+-----+--------+
         Total |   5811 |   5163 |    648 |    565 |   3487 |   8 |  726.4 |
       Dungeon |   5811 |   5163 |    648 |    565 |   3487 |   8 |  726.4 |
               +--------+--------+--------+--------+--------+-----+--------+

Top non-repeatable levels by time:
     D:1: 948 daAuts
     D:3: 923 daAuts
     D:5: 919 daAuts
     D:7: 851 daAuts
     D:2: 732 daAuts
     D:6: 689 daAuts
     D:4: 626 daAuts
     D:8: 120 daAuts
